 Dungeon Crawl Stone Soup version bcrawl-1.41.1 (webtiles) character file.

Game seed: 17482739703835468895

195770 Yshiel the Chiller (level 8, -2/58 HPs)
             Began as a Gnoll Ice Elementalist on Apr 14, 2024.
             Was a Follower of Okawaru.
             Slain by a wight
             ... wielding a cursed +0 morningstar
              (9 damage)
             ... on level 5 of the Dungeon.
             The game lasted 00:38:24 (5669 turns).

Yshiel the Chiller (Gnoll Ice Elementalist)         Turns: 5669, Time: 00:38:25

Health: -2/58      AC:  4    Str: 10    XL:     8   Next: 27%
Magic:  8/8        EV: 11    Int: 19    God:    Okawaru [*.....]
Gold:   405        SH:  0    Dex: 17    Spells: 12/18 levels left

rFire    . . .     GDR:     28% r - +1 mace (antimagic)
rCold    . . .     SeeInvis +   (no shield)
rNeg     . . .     Gourm    .   a - +0 robe
rPois    .         Faith    +   (no helmet)
rElec    .         Spirit   .   D - +0 cloak
rCorr    .         Reflect  .   (no gloves)
MR       .....                  J - +0 pair of boots
Stlth    ++........             B - amulet of faith
HPRegen  0.19/turn              y - ring of see invisible
MPRegen  0.11/turn              (no ring)

@: extremely drained
A: distributed training, fangs 1, strong nose
a: Heroism, Renounce Religion


You were on level 5 of the Dungeon.
You worshipped Okawaru.
Okawaru was aware of your devotion.
You were not hungry.

You visited 2 branches of the dungeon, and saw 7 of its levels.

You collected 405 gold pieces.

Inventory:

Hand Weapons
 d - a +0 hand axe
 f - a +0 short sword
 p - a +1 dagger of venom
 r - a +1 antimagic mace (weapon)
 C - a +2 shortbow of freezing
 K - a +5 war axe
Missiles
 b - 203 arrows
 t - 836 stones (quivered)
 A - 130 poisoned tomahawks
 G - 51 large rocks
 I - a throwing net {=f}
Armour
 a - a +0 robe (worn)
 D - a +0 cloak (worn)
 J - a +0 pair of boots (worn)
Magical Staves
 H - an uncursed staff of power
Jewellery
 y - a ring of see invisible (left hand)
 B - an amulet of faith (around neck)
Wands
 c - a wand of iceblast (1)
 F - a wand of charming (5)
Scrolls
 i - 6 scrolls of identify
 j - 2 scrolls of amnesia {unknown}
 k - a scroll of revelation {unknown}
 m - 4 scrolls of teleportation {unknown}
 n - 3 scrolls of remove curse
 s - a scroll of fear {unknown}
 u - a scroll of immolation {unknown}
 x - a scroll of blinking {unknown}
 E - 2 scrolls of fog {unknown}
Potions
 g - 2 potions of brilliance {unknown}
 h - a potion of curing {unknown}
 l - 2 potions of heal wounds
 o - a potion of degeneration {unknown}
 q - 2 potions of lignification {unknown}
 v - 2 potions of haste {unknown}
 w - a potion of flight {unknown}
 z - a potion of invisibility {unknown}
Comestibles
 e - 9 rations {!d}


   Skills:
 + Level 3.0(0.0) Fighting
 + Level 3.0(0.0) Short Blades
 + Level 3.0(0.0) Long Blades
 + Level 3.0(0.0) Axes
 + Level 3.0(0.0) Maces & Flails
 + Level 3.0(0.0) Polearms
 + Level 3.0(0.0) Staves
 + Level 3.0(0.0) Slings
 + Level 3.0(0.0) Bows
 + Level 3.0(0.0) Crossbows
 + Level 3.0(0.0) Throwing
 + Level 3.0(0.0) Armour
 + Level 5.5(0.0) Dodging
 + Level 5.5(0.0) Stealth
 + Level 3.0(0.0) Shields
 + Level 3.0(0.0) Unarmed Combat
 + Level 5.9(0.0) Spellcasting
 + Level 3.3(0.0) Conjurations
 + Level 2.4(0.0) Hexes
 + Level 2.4(0.0) Charms
 + Level 2.4(0.0) Summonings
 + Level 2.4(0.0) Necromancy
 + Level 2.4(0.0) Translocations
 + Level 2.4(0.0) Transmutations
 + Level 2.4(0.0) Fire Magic
 + Level 6.0(0.1) Ice Magic
 + Level 2.4(0.0) Air Magic
 + Level 2.4(0.0) Earth Magic
 + Level 2.4(0.0) Poison Magic
 + Level 3.3(0.0) Invocations
 + Level 3.0(0.0) Evocations


You had 12 spell levels left.
You knew the following spells:

 Your Spells              Type           Power        Failure   Level  Hunger
a - Freeze                Ice            #.....       19%         1    None
b - Throw Frost           Conj/Ice       #.....       12%         2    ####...
c - Magic Dart            Conj           #...         21%         1    None
d - Blink                 Tloc           N/A          30%         2    ####...

Your spell library contained the following spells:

 Spells                   Type           Power        Failure   Level  Hunger
 Call Imp                 Summ           #.....       30%         2    ####...
 Conjure Flame            Conj/Fire      #.......     52%         3    #####..
 Mephitic Cloud           Conj/Pois/Air  #.......     52%         3    #####..
 Ozocubu's Armour         Chrm/Ice       #.......     52%         3    #####..
 Spider Form              Tmut/Pois      #..          52%         3    #####..
 Ice Form                 Ice/Tmut       #.......     89%         4    ######.
 Summon Ice Beast         Ice/Summ       #.......     89%         4    ######.
 Throw Icicle             Conj/Ice       #.......     89%         4    ######.


Dungeon Overview and Level Annotations

Branches:
Dungeon (6/12)             Temple (1/1) D:5

Altars:
Ashenzari
Cheibriados
Dithmenos
Elyvilon
Fedhas
Gozag
Hepliaklqana
Kikubaaqudgha
Lugonu
Makhleb
Okawaru
Sif Muna
Trog
Uskayaw
Vehumet
Wu Jian
Xom
Zin
The Shining One

Shops:
D:5 %


Innate Abilities, Weirdness & Mutations

Your experience applies equally to all skills.
You have very sharp teeth.
Your uncanny sense of smell can sniff out nearby items.


Message History

The wight hits you with a cursed +0 morningstar!
* * * LOW HITPOINT WARNING * * *
You feel drained.
* * * LOW HITPOINT WARNING * * *
You barely miss the wight.
The wight is almost destroyed.
The wight closely misses you.
You closely miss the wight. Your bite misses the wight.
The wight is almost destroyed.
The wight closely misses you. The wight barely misses you.
You closely miss the wight.
The wight is almost destroyed.
The wight hits you with a cursed +0 morningstar.
* * * LOW HITPOINT WARNING * * *
You feel drained.
* * * LOW HITPOINT WARNING * * *
You hit the wight but do no damage.
The wight is almost destroyed.
The wight hits you with a cursed +0 morningstar!
You die...

#..............#....[............
#................................
##.........###.........>......###
##........# #..........#######
#......### #..######### ##...###
##.# # #..## #.# # ##.## #####.##
# ###..# #.....@## # .##.##
###......z## # .#..#
###.......#..## #
.#.####.........##..## #
...#............###..## #
#.........#.#..## ##..# #
.......####.#..# ##.## .....###
#.#..# ####.## ...### #.#..#
#.###.##


You could see a wight.

Vanquished Creatures
  A black bear (D:5)
  2 ogres
  A scorpion (D:6)
  2 wights
  2 orc priests
  2 crimson imps (D:4)
  2 bullfrog zombies
  3 hounds
  3 orc wizards
  Crazy Yiuf (D:4)
  An iguana (D:4)
  Terence (D:3)
  A worker ant (D:4)
  A hound skeleton (D:4)
  5 adders
  An ooze (D:3)
  A worm (D:3)
  3 dart slugs
  6 leopard geckos
  14 orcs
  3 giant cockroaches (D:1)
  4 goblins
  13 hobgoblins
  5 jackals
  2 quokkas
  13 bats
  6 frilled lizards
  14 kobolds
  A quokka skeleton (D:4)
  9 rats
  A plant (D:4)
124 creatures vanquished.

Notes
Turn   | Place    | Note
-------+----------+-------------------------------------------
     0 | D:1      | Yshiel the Gnoll Ice Elementalist began the quest for the
                  | Orb.
     0 | D:1      | Reached XP level 1. HP: 13/13 MP: 6/6
    81 | D:1      | Reached XP level 2. HP: 18/19 MP: 4/7
    85 | D:1      | Learned a level 2 spell: Throw Frost
   653 | D:2      | Reached XP level 3. HP: 25/25 MP: 6/9
   691 | D:2      | Reached skill level 5 in Spellcasting
  1118 | D:2      | Reached skill level 1 in Invocations
  1331 | D:2      | Reached skill level 1 in Fighting
  1331 | D:2      | Reached skill level 1 in Short Blades
  1331 | D:2      | Reached skill level 1 in Long Blades
  1331 | D:2      | Reached skill level 1 in Axes
  1331 | D:2      | Reached skill level 1 in Maces & Flails
  1331 | D:2      | Reached skill level 1 in Polearms
  1331 | D:2      | Reached skill level 1 in Staves
  1331 | D:2      | Reached skill level 1 in Slings
  1331 | D:2      | Reached skill level 1 in Bows
  1331 | D:2      | Reached skill level 1 in Crossbows
  1331 | D:2      | Reached skill level 1 in Throwing
  1331 | D:2      | Reached skill level 1 in Armour
  1331 | D:2      | Reached skill level 1 in Shields
  1331 | D:2      | Reached skill level 1 in Unarmed Combat
  1331 | D:2      | Reached skill level 1 in Evocations
  1332 | D:2      | Found a bloodstained altar of Trog.
  1787 | D:3      | Reached XP level 4. HP: 32/32 MP: 11/11
  2120 | D:3      | Reached skill level 1 in Hexes
  2120 | D:3      | Reached skill level 1 in Charms
  2120 | D:3      | Reached skill level 1 in Summonings
  2120 | D:3      | Reached skill level 1 in Necromancy
  2120 | D:3      | Reached skill level 1 in Translocations
  2120 | D:3      | Reached skill level 1 in Transmutations
  2120 | D:3      | Reached skill level 1 in Fire Magic
  2120 | D:3      | Reached skill level 1 in Air Magic
  2120 | D:3      | Reached skill level 1 in Earth Magic
  2120 | D:3      | Reached skill level 1 in Poison Magic
  2207 | D:3      | Noticed Terence
  2218 | D:3      | Killed Terence
  2219 | D:3      | Reached XP level 5. HP: 27/37 MP: 10/12
  2275 | D:3      | Learned a level 1 spell: Magic Dart
  2278 | D:3      | Learned a level 2 spell: Blink
  2386 | D:3      | Found a shimmering blue altar of Sif Muna.
  2505 | D:3      | Found an ancient bone altar of Kikubaaqudgha.
  2748 | D:4      | Found a hide-covered altar of Uskayaw.
  2792 | D:4      | Reached XP level 6. HP: 44/44 MP: 11/13
  2819 | D:4      | Reached skill level 5 in Dodging
  2819 | D:4      | Reached skill level 5 in Stealth
  3073 | D:4      | Found a runed door.
  3077 | D:4      | Noticed Crazy Yiuf
  3086 | D:4      | Killed Crazy Yiuf
  3304 | D:4      | Reached XP level 7. HP: 33/50 MP: 15/15
  3591 | D:4      | Found a shimmering altar of Xom.
  3596 | D:4      | Found a snail-covered altar of Cheibriados.
  3603 | D:4      | Found a radiant altar of Vehumet.
  3603 | D:4      | Found a burning altar of Makhleb.
  3603 | D:4      | Found a glowing golden altar of the Shining One.
  3607 | D:4      | Found a shattered altar of Ashenzari.
  3609 | D:4      | Found an ornate altar of the Wu Jian Council.
  3610 | D:4      | Found a blossoming altar of Fedhas.
  3915 | D:5      | Entered Level 5 of the Dungeon
  4011 | D:5      | Found Tahiziu's Food Shop.
  4107 | D:5      | Found a staircase to the Ecumenical Temple.
  4114 | Temple   | Entered the Ecumenical Temple
  4134 | Temple   | Became a worshipper of Warmaster Okawaru
  4260 | D:5      | Found a glowing silver altar of Zin.
  4744 | D:6      | Found a bloodstained altar of Trog.
  4781 | D:6      | Reached * piety under Okawaru
  4855 | D:6      | Reached skill level 6 in Ice Magic
  4855 | D:6      | Reached XP level 8. HP: 50/57 MP: 16/16
  5669 | D:5      | Slain by a wight

Skill      XL: |  1  2  3  4  5  6  7  8 |
---------------+-------------------------+-----
Conjurations   | 2 3 |  3.3
Spellcasting   | 5 |  5.9
Invocations    | 1 2 3 |  3.3
Fighting       | 1 2 3 |  3.0
Short Blades   | 1 2 3 |  3.0
Long Blades    | 1 2 3 |  3.0
Axes           | 1 2 3 |  3.0
Maces & Flails | 1 2 3 |  3.0
Polearms       | 1 2 3 |  3.0
Staves         | 1 2 3 |  3.0
Slings         | 1 2 3 |  3.0
Bows           | 1 2 3 |  3.0
Crossbows      | 1 2 3 |  3.0
Throwing       | 1 2 3 |  3.0
Armour         | 1 2 3 |  3.0
Shields        | 1 2 3 |  3.0
Unarmed Combat | 1 2 3 |  3.0
Evocations     | 1 2 3 |  3.0
Hexes          | 1 2 |  2.4
Charms         | 1 2 |  2.4
Summonings     | 1 2 |  2.4
Necromancy     | 1 2 |  2.4
Translocations | 1 2 |  2.4
Transmutations | 1 2 |  2.4
Fire Magic     | 1 2 |  2.4
Air Magic      | 1 2 |  2.4
Earth Magic    | 1 2 |  2.4
Poison Magic   | 1 2 |  2.4
Dodging        | 5 |  5.5
Stealth        | 5 |  5.5
Ice Magic      | 6 |  6.0

Action                   |  1- 3 |  4- 6 |  7- 9 || total
-------------------------+-------+-------+-------++-------
Melee: Short sword       |    17 |       |       ||    17
       Dagger            |    58 |   139 |    91 ||   288
       Bite              |     7 |    17 |    31 ||    55
       Punch             |       |     2 |     2 ||     4
       Mace              |       |       |    49 ||    49
 Cast: Freeze            |    21 |    13 |     1 ||    35
       Magic Dart        |       |     5 |     4 ||     9
       Throw Frost       |       |     1 |       ||     1
       Blink             |       |       |     1 ||     1
  Use: Scroll            |     1 |       |       ||     1
 Stab: Sleeping          |     7 |     8 |     5 ||    20
  Eat: Chunk             |     3 |     6 |     5 ||    14
       Ration            |       |     1 |     2 ||     3
Armor: Robe              |    15 |    13 |    14 ||    42
Dodge: Dodged            |    67 |   110 |    82 ||   259
